 Dungeon Crawl Stone Soup version 0.29-a0-380-gf50f0a9fbc (webtiles) character file.

Game seed: 11501260155696718543

4303 Antichthon the Basher (level 10, -13/61 HPs)
             Began as a Gargoyle Fighter on May 6, 2022.
             Was a Follower of Zin.
             Mangled by a boulder beetle (50 damage)
             ... on level 8 of the Dungeon.
             The game lasted 00:17:16 (8499 turns).

Antichthon the Basher (Gargoyle Fighter)            Turns: 8499, Time: 00:17:16

Health: -13/61     AC: 27    Str: 21    XL:     10   Next: 32%
Magic:  13/13      EV:  8    Int: 12    God:    Zin [*.....]
Gold:   351        SH:  5    Dex:  9    Spells: 9/9 levels left

rFire   . . .      SeeInvis +   a - +0 morningstar
rCold   + + .      Faith    .   c - +0 buckler
rNeg    + . .      Spirit   .   B - +0 plate armour
rPois   ∞          Reflect  .   x - +0 helmet
rElec   +          Harm     .   w - +0 cloak
rCorr   .          Rampage  .   o - +0 pair of gloves
Will    +....      Clarity  +   n - +0 pair of boots
Stlth   ..........              (no amulet)
HPRegen 0.20/turn               m - ring of protection from cold
MPRegen 0.13/turn               u - ring of see invisible

@: no status effects
A: sickness immunity, AC +7, negative energy resistance 1, electricity
resistance, torment resistance 1, petrification resistance, iridescent scales 1,
clarity, cold resistance 1, strong-willed 1, screaming 1, MP-powered wands,
sturdy frame 1
a: Renounce Religion, Recite, Donate Gold


You were on level 8 of the Dungeon.
You worshipped Zin.
Zin was aware of your devotion.
You visited 1 branch of the dungeon, and saw 8 of its levels.

You collected 389 gold pieces.
You donated 38 gold pieces to Zin.

Inventory:

Hand Weapons
 a - a +0 morningstar (weapon)
Missiles
 v - a throwing net (quivered)
Armour
 c - a +0 buckler (worn)
 n - a +0 pair of boots (worn)
 o - a +0 pair of gloves (worn)
 w - a +0 cloak (worn)
 x - a +0 helmet (worn)
 B - a +0 plate armour (worn)
Jewellery
 m - a ring of protection from cold (left hand)
 u - a ring of see invisible (right hand)
Wands
 k - a wand of flame (12)
 r - a wand of acid (8)
 D - a wand of digging (6)
Scrolls
 g - 4 scrolls of enchant weapon
 h - 4 scrolls of magic mapping
 j - a scroll of amnesia
 l - 3 scrolls of vulnerability
 y - 2 scrolls of teleportation
 z - a scroll of poison
Potions
 b - a potion of mutation
 d - a potion of might
 e - 3 potions of curing
 i - 2 potions of attraction
 p - 2 potions of lignification
 q - a potion of brilliance
 A - a potion of magic


   Skills:
 * Level 6.5 Fighting
 * Level 9.8 Maces & Flails
 * Level 7.1 Armour
 * Level 3.4 Dodging
 * Level 6.4 Shields
 * Level 4.9 Invocations


You had 9 spell levels left.
You didn't know any spells.
Your spell library contained the following spells:

 Spells                   Type           Power      Damage    Failure   Level
 Beastly Appendage        Tmut           0%         N/A       99%         1
 Foxfire                  Conj/Fire      0%         2x1d4     99%         1
 Wereblood                Tmut           0%         N/A       100%        2
 Conjure Flame            Conj/Fire      0%         6-21      100%        3
 Inner Flame              Hex/Fire       0%         N/A       100%        3
 Spider Form              Tmut/Pois      0%         N/A       100%        3
 Flame Wave               Conj/Fire      0%         2d4       100%        4
 Petrify                  Tmut/Erth      0%         N/A       100%        4
 Irradiate                Conj/Tmut      0%         3d13      100%        5
 Sublimation of Blood     Necr           Unusable   N/A       N/A         2

Dungeon Overview and Level Annotations

Branches:
Dungeon (8/15)             Temple (0/1) D:5
   Lair: D:8-11

Altars:
Zin

Annotations:
D:6 Dowan, Duvessa
D:7 1 runed translucent door, spiderkeys's ghost, novice OgAK


Innate Abilities, Weirdness & Mutations

You are immune to sickness and miasma.
Your stone body is resilient. (AC +7)
You are immune to poison.
You resist negative energy. (rN+)
You are resistant to electric shocks. (rElec)
You are resistant to unholy torment.
You are immune to petrification.
You are partially covered in iridescent scales. (AC +2)
You possess an exceptional clarity of mind.
Your flesh is cold resistant. (rC+)
You are strong-willed. (Will+)
You occasionally shout uncontrollably at your foes.
You expend magic power (3 MP) to strengthen your wands.
Your movements are slightly less encumbered by armour. (ER -2)


Message History

You puncture the boulder beetle!
The boulder beetle is moderately wounded.
The boulder beetle bites you!
You hit the boulder beetle but do no damage.
The boulder beetle is moderately wounded.
The boulder beetle waves its antennae.
The boulder beetle leaps!
The boulder beetle leaps!
The boulder beetle leaps!
The boulder beetle bites you but does no damage.
You hit the boulder beetle.
The boulder beetle is moderately wounded.
The boulder beetle bites you but does no damage.
You hit the boulder beetle.
The boulder beetle is heavily wounded.
The boulder beetle bites you but does no damage.
You puncture the boulder beetle!
The boulder beetle is severely wounded.
The boulder beetle bites you.
You hit the boulder beetle.
The boulder beetle is severely wounded.
The boulder beetle bites you!
You hit the boulder beetle but do no damage.
The boulder beetle is severely wounded.
The boulder beetle bites you but does no damage.
You hit the boulder beetle but do no damage.
The boulder beetle is severely wounded.
The boulder beetle bites you!!
* * * LOW HITPOINT WARNING * * *
You sock the boulder beetle!
The boulder beetle is severely wounded.
The boulder beetle bites you.
* * * LOW HITPOINT WARNING * * *
Unknown command.
You feel much better.
The boulder beetle leaps!
The boulder beetle leaps!
The boulder beetle curls into a ball and begins rolling!
The boulder beetle hits you!!!
Ouch! That really hurt!
You die...

..# #.# ..# #.#
###..# #.# ..#..# #.#
.....# #.# ...# #.#
#..# #.#
#..#######.########.#
#(..............@B○.#
#......##############
########


You could see a boulder beetle (rolling).

Vanquished Creatures
  Joseph (D:7)
  Grinder (D:3)
  Sigmund (D:3)
  A wyvern (D:8)
  A wraith (D:7)
  5 yaks (D:5)
  A water moccasin (D:7)
  An ice beast (D:5)
  5 sky beasts
  A black bear (D:7)
  An orc warrior (D:7)
  An ogre (D:7)
  4 phantoms
  2 necrophages
  5 scorpions
  2 howler monkeys
  A hound (D:4)
  An orc priest (D:6)
  7 iguanas
  6 orc wizards
  25 gnolls
  14 adders
  A shadow imp (D:5)
  An ufetubus (D:3)
  2 worms (D:2)
  2 dart slugs
  26 orcs
  5 ball pythons
  An endoplasm (D:1)
  4 giant cockroaches
  8 goblins
  7 hobgoblins
  4 jackals (D:1)
  7 kobolds
  3 quokkas (D:3)
  3 bats
  3 frilled lizards
  4 rats
168 creatures vanquished.

Notes
Turn   | Place    | Note
-------+----------+-------------------------------------------
     0 | D:1      | Antichthon the Gargoyle Fighter began the quest for the
                  | Orb.
     0 | D:1      | Reached XP level 1. HP: 14/14 MP: 1/1
    55 | D:1      | Reached XP level 2. HP: 12/19 MP: 2/2
   786 | D:1      | Reached XP level 3. HP: 23/23 MP: 3/3
  1009 | D:2      | Gained mutation: Your flesh is cold resistant. (rC+)
                  | [potion of mutation]
  1009 | D:2      | Gained mutation: You have hidden genetic potential. [potion
                  | of mutation]
  1009 | D:2      | Gained mutation: You occasionally shout uncontrollably at
                  | your foes. [potion of mutation]
  1009 | D:2      | Gained mutation: You have great hidden genetic potential.
                  | [potion of mutation]
  1295 | D:2      | Reached XP level 4. HP: 28/28 MP: 4/4
  1544 | D:2      | Reached skill level 1 in Invocations
  1834 | D:3      | Gained mutation: You are strong-willed. (Will+) [hidden
                  | potential]
  1846 | D:3      | Reached skill level 3 in Maces & Flails
  2009 | D:3      | Noticed Sigmund
  2018 | D:3      | Killed Sigmund
  2019 | D:3      | Reached skill level 4 in Maces & Flails
  2019 | D:3      | Reached skill level 1 in Dodging
  2019 | D:3      | Reached XP level 5. HP: 22/33 MP: 4/6
  2019 | D:3      | Reached XP level 6. HP: 25/38 MP: 4/7
  2029 | D:3      | Gained mutation: You expend magic power (3 MP) to
                  | strengthen your wands. [hidden potential]
  2029 | D:3      | Lost mutation: You have great hidden genetic potential.
                  | [hidden potential expressed]
  2687 | D:3      | Noticed Grinder
  2710 | D:3      | Killed Grinder
  2711 | D:3      | Reached skill level 5 in Maces & Flails
  2711 | D:3      | Reached XP level 7. HP: 18/44 MP: 8/8
  2714 | D:3      | Gained mutation: You have great hidden genetic potential.
                  | [hidden potential]
  3742 | D:4      | Reached skill level 5 in Armour
  3954 | D:4      | Reached XP level 8. HP: 48/48 MP: 10/10
  3975 | D:4      | Reached skill level 5 in Shields
  4440 | D:5      | Entered Level 5 of the Dungeon
  4709 | D:5      | Gained mutation: You possess an exceptional clarity of
                  | mind. [hidden potential]
  4709 | D:5      | Lost mutation: You have great hidden genetic potential.
                  | [hidden potential expressed]
  4739 | D:5      | Reached skill level 6 in Maces & Flails
  4821 | D:5      | Reached skill level 5 in Fighting
  4831 | D:5      | Identified the +9 flail of Fedhas's Esteem {pain, rPois}
  4969 | D:5      | Noticed a yak
  4970 | D:5      | Noticed a yak
  4970 | D:5      | Noticed a yak
  4970 | D:5      | Noticed a yak
  4970 | D:5      | Noticed a yak
  4977 | D:5      | Killed a yak
  4984 | D:5      | Killed a yak
  4985 | D:5      | Reached skill level 7 in Maces & Flails
  4993 | D:5      | Killed a yak
  4994 | D:5      | Reached XP level 9. HP: 22/54 MP: 11/11
  5007 | D:5      | Gained mutation: You are partially covered in iridescent
                  | scales. (AC +2) [hidden potential]
  5446 | D:5      | Found a staircase to the Ecumenical Temple.
  5699 | D:6      | Reached skill level 8 in Maces & Flails
  6318 | D:6      | Noticed Dowan
  6318 | D:6      | Noticed Duvessa
  6870 | D:7      | Noticed spiderkeys's ghost (novice OgAK)
  6870 | D:7      | Found a runed translucent door.
  7132 | D:7      | Found a glowing silver altar of Zin.
  7132 | D:7      | Noticed an angel
  7194 | D:7      | Reached skill level 9 in Maces & Flails
  7293 | D:7      | Noticed Joseph
  7314 | D:7      | Killed Joseph
  7315 | D:7      | Reached XP level 10. HP: 42/60 MP: 13/13
  7499 | D:7      | Gained mutation: Your movements are slightly less
                  | encumbered by armour. (ER -2) [hidden potential]
  7499 | D:7      | Lost mutation: You have hidden genetic potential. [hidden
                  | potential expressed]
  7637 | D:7      | Became a worshipper of Zin the Law-Giver
  7637 | D:7      | Reached * piety under Zin
  8041 | D:7      | Reached ** piety under Zin
  8447 | D:8      | Noticed a boulder beetle
  8499 | D:8      | Mangled by a boulder beetle

Illustrated notes

Levels and vault maps discovered:
D:1:      lemuel_arrival_hallway, layout_loops_ring
D:2:      layout_basic, chequers_decorated_corner
D:3:      layout_basic, minmay_misc_feat_five, uniq_sigmund, uniq_grinder
D:4:      layout_cave_pools
D:5:      layout_rooms, minmay_temple_entry_ruins
D:6:      layout_basic, kennysheep_generic_room_10, uniq_duvessa
D:7:      layout_basic, zin_angel, gammafunk_ghost_grave, uniq_joseph
D:8:      layout_loops_ring, kennysheep_cross_room

Skill      XL: |  1  2  3  4  5  6  7  8  9 10 |
---------------+-------------------------------+-----
Invocations    | 1 2 3 4 |  4.9
Maces & Flails | 4 5 7 9 |  9.8
Fighting       | 4 5 6 |  6.5
Armour         | 4 5 6 7 |  7.1
Dodging        | 1 2 3 |  3.4
Shields        | 4 5 6 |  6.4

Action                   |  1- 3 |  4- 6 |  7- 9 | 10-12 || total
-------------------------+-------+-------+-------+-------++-------
Melee: Flail             |   127 |   171 |   406 |    12 ||   716
       Morningstar       |       |       |    29 |    92 ||   121
  Use: Scroll            |     7 |     1 |     5 |     3 ||    16
       Potion            |     1 |       |       |     2 ||     3
Armor: Scale mail        |    95 |    31 |       |       ||   126
       Chain mail        |       |    80 |   275 |       ||   355
       Plate armour      |       |       |    15 |    74 ||    89
Dodge: Dodged            |    68 |    61 |   199 |    28 ||   356
Block: Buckler           |    39 |    37 |   122 |    24 ||   222

Table legend: (Time is in decaauts)
 A = Elapsed time spent in this place.
 B = Non-inter-level travel time spent in this place.
 C = Inter-level travel time spent in this place.
 D = Time resting spent in this place.
 E = Time spent auto-exploring this place.
 F = Levels seen in this place.
 G = Mean time per level.
                   A        B        C        D        E       F      G
               +--------+--------+--------+--------+--------+-----+--------+
         Total |   8650 |   8288 |    362 |    935 |   5015 |   8 | 1081.2 |
       Dungeon |   8650 |   8288 |    362 |    935 |   5015 |   8 | 1081.2 |
               +--------+--------+--------+--------+--------+-----+--------+

Top non-repeatable levels by time:
     D:3: 1745 daAuts
     D:7: 1536 daAuts
     D:4: 1219 daAuts
     D:6: 1186 daAuts
     D:5: 994 daAuts
     D:1: 934 daAuts
     D:2: 930 daAuts
     D:8: 104 daAuts
